 Dungeon Sprint DCSS version 0.30.1-3-gfc49f6343a (webtiles) character file.

Game seed: 8530765960210760312

542 boopmooplesden the Carver (level 7, -17/111 HPs)
             Began as a Minotaur Berserker on July 28, 2023.
             Was an Elder of Trog.
             Demolished by a two-headed ogre
             ... wielding a +0 giant club
              (21 damage)
             ... in the Dungeon (Sprint IX: "|||||||||||||||||||||||||||||").
             The game lasted 00:00:39 (424 turns).

boopmooplesden the Carver (Minotaur Berserker)       Turns: 424, Time: 00:00:40

Health: -17/111    AC:  9    Str: 26    XL:     7   Next: 6%
Magic:  6/6        EV: 13    Int:  4    God:    Trog [****..]
Gold:   0          SH:  0    Dex: 13    Spells: 6/6 levels left

rFire   . . .        k - +2 scimitar (flame)
rCold   . . .        (no shield)
rNeg    . . .        m - +2 ring mail
rPois   .            (helmet restricted)
rElec   .            (no cloak)
rCorr   .            (no gloves)
SInv    .            l - +0 pair of boots
Will    .....        (no amulet) Stlth
                     n - +3 ring of dexterity
HPRegen 0.38/turn    o - +3 ring of strength
MPRegen 0.10/turn

%: no teleportation
@: berserking, very quick
A: horns 2, retaliatory headbutt
a: Renounce Religion, Berserk, Trog's Hand, Brothers in Arms


You were in the Dungeon.
You worshipped Trog.
Trog was greatly pleased with you.
You visited 1 branch

Inventory:

Hand Weapons
 a - a +0 falchion
 k - a +2 scimitar of flaming (weapon)
Armour
 b - a +0 animal skin
 l - a +0 pair of boots (worn)
 m - a +2 ring mail (worn)
Jewellery
 n - a +3 ring of dexterity (left hand)
 o - a +3 ring of strength (right hand)
Wands
 j - a wand of iceblast (10)
Scrolls
 h - 2 scrolls of blinking
Potions
 c - 5 potions of curing
 d - 3 potions of heal wounds
 e - a potion of haste
 f - 4 potions of magic
 g - a potion of berserk rage
 i - a potion of invisibility


   Skills:
 + Level 11.5 Fighting
 + Level 12.0 Long Blades
 + Level 6.1 Armour
 + Level 6.3 Dodging
 + Level 0.3 Stealth


You had 6 spell levels left.
You didn't know any spells.
Your spell library was empty.

Dungeon Overview and Level Annotations

Branches:
Dungeon (1/1)

Altars:
Cheibriados
Dithmenos
Elyvilon
Fedhas
Gozag
Hepliaklqana
Kikubaaqudgha
Makhleb
Nemelex Xobeh
Okawaru
Qazlal
Ru
Sif Muna
Trog
Uskayaw
Vehumet
Wu Jian
Xom
Yredelemnul
Zin
The Shining One
Jiyva
Lugonu


Innate Abilities, Weirdness & Mutations

You have a pair of horns on your head.
You reflexively headbutt those who attack you in melee.


Message History

The wyvern completely misses you.
You slash the wyvern! You burn the wyvern.
You feel the power of Trog in you as your rage grows.
You kill the wyvern!
Trog accepts your kill.
You can now call in reinforcements.
Your Fighting skill increases to level 10!
Your Long Blades skill increases to level 11!
Your Dodging skill increases to level 6!
You have reached level 6!
You slash the yak! You burn the yak.
The yak is heavily wounded.
You slash the yak! You burn the yak.
The yak is almost dead.
The yak gores you!
You slash the yak! You burn the yak.
You kill the yak!
Trog accepts your kill.
Your Fighting skill increases to level 11!
Your Long Blades skill increases to level 12!
Your Armour skill increases to level 6!
You have reached level 7!
The two-headed ogre hits you with a +0 giant club!!
The two-headed ogre closely misses you.
There is an open door to the Dungeon, spattered with blood here.
You completely miss the two-headed ogre.
You slash the two-headed ogre! You burn the two-headed ogre.
Your headbutt misses the two-headed ogre.
The two-headed ogre is lightly wounded.
The two-headed ogre hits you with a +0 giant club!! x2
* * * LOW HITPOINT WARNING * * *
You slash the two-headed ogre! You burn the two-headed ogre!
The two-headed ogre is heavily wounded.
You slash the two-headed ogre! You burn the two-headed ogre.
The two-headed ogre is severely wounded.
You slash the two-headed ogre! You burn the two-headed ogre.
The two-headed ogre is almost dead.
The two-headed ogre hits you with a +0 giant club!!
* * * LOW HITPOINT WARNING * * *
The two-headed ogre hits you with a +0 giant club!!
You die...

▓?▓
▓)▓
▓.▓
▓[▓
▓.▓
▓.▓
▓.▓
▓.▓
▓@▓
▓O▓
▓o▓
▓c▓
▓o▓
▓.▓
▓.▓
▓+▓


You could see a two-headed ogre, 2 orc warriors and a centaur.

Vanquished Creatures
  A wyvern (D)
  A yak (D)
  An ice beast (D)
  A phantom (D)
  A jelly (D)
  An iguana (D)
  A hound (D)
  A ball python (D)
  An endoplasm (D)
  A hobgoblin (D)
  2 frilled lizards (D)
12 creatures vanquished.

Notes
Turn   | Place    | Note
-------+----------+-------------------------------------------
     0 | D        | boopmooplesden the Minotaur Berserker began the quest for
                  | the Orb.
     0 | D        | Reached XP level 1. HP: 19/19 MP: 0/0
     8 | D        | Reached skill level 4 in Long Blades
    14 | D        | Reached ** piety under Trog
    60 | D        | Noticed an ice beast
    60 | D        | Noticed a jelly
    60 | D        | Noticed a hound
    60 | D        | Noticed a phantom
    60 | D        | Noticed an iguana
    67 | D        | Killed an ice beast
    68 | D        | Reached skill level 7 in Long Blades
    68 | D        | Reached XP level 2. HP: 10/34 MP: 1/1
    68 | D        | Reached XP level 3. HP: 11/39 MP: 2/2
    68 | D        | Reached XP level 4. HP: 14/47 MP: 3/3
    69 | D        | Reached *** piety under Trog
    70 | D        | Reached skill level 8 in Long Blades
    72 | D        | Reached XP level 5. HP: 13/56 MP: 4/4
    75 | D        | Killed a phantom
    76 | D        | Reached skill level 9 in Long Blades
    76 | D        | Reached skill level 5 in Armour
    76 | D        | Reached skill level 5 in Dodging
    79 | D        | Reached skill level 10 in Long Blades
   349 | D        | Found a snail-covered altar of Cheibriados.
   349 | D        | Found a shadowy altar of Dithmenos.
   349 | D        | Found a white marble altar of Elyvilon.
   349 | D        | Found a blossoming altar of Fedhas.
   349 | D        | Found an opulent altar of Gozag.
   350 | D        | Found a hazy altar of Hepliaklqana.
   351 | D        | Found a viscous altar of Jiyva.
   352 | D        | Found an ancient bone altar of Kikubaaqudgha.
   353 | D        | Found a corrupted altar of Lugonu.
   354 | D        | Found a burning altar of Makhleb.
   355 | D        | Found a sparkling altar of Nemelex Xobeh.
   356 | D        | Found an iron altar of Okawaru.
   357 | D        | Found a stormy altar of Qazlal.
   358 | D        | Found a sacrificial altar of Ru.
   359 | D        | Found a shimmering blue altar of Sif Muna.
   360 | D        | Found a bloodstained altar of Trog.
   361 | D        | Found a hide-covered altar of Uskayaw.
   362 | D        | Found a radiant altar of Vehumet.
   363 | D        | Found an ornate altar of the Wu Jian Council.
   364 | D        | Found a shimmering altar of Xom.
   365 | D        | Found a basalt altar of Yredelemnul.
   366 | D        | Found a glowing silver altar of Zin.
   367 | D        | Found a glowing golden altar of the Shining One.
   412 | D        | Noticed a wyvern
   412 | D        | Noticed a yak
   412 | D        | Noticed an orc warrior
   412 | D        | Noticed a two-headed ogre
   412 | D        | Noticed a centaur
   412 | D        | Noticed an orc warrior
   415 | D        | Killed a wyvern
   415 | D        | Reached **** piety under Trog
   416 | D        | Reached skill level 10 in Fighting
   416 | D        | Reached skill level 11 in Long Blades
   416 | D        | Reached XP level 6. HP: 67/67 MP: 5/5
   418 | D        | Killed a yak
   419 | D        | Reached skill level 12 in Long Blades
   419 | D        | Reached XP level 7. HP: 74/74 MP: 6/6
   424 | D        | HP: 4/111 [two-headed ogre/+0 giant club (24)]
   424 | D        | Demolished by a two-headed ogre

Illustrated notes

Levels and vault maps discovered:
D:        linesprint [early_d, line_temple, items_1, d_10, items_2, lair_1,
          lair_end, items_3, orc_1, orc_end, items_4, d_15, swamp_1, shoals_1,
          snake_1, spider_1, d_20, vaults_1, items_5, swamp_end, shoals_end,
          snake_end, spider_end, vaults_end, d_27, items_6, zot_1, zot_end,
          crypt_end, forest_end, elf_end, slime_end, tomb_end, abyss_end,
          pan_hell_end]

Skill      XL: |  1  2  3  4  5  6 |
---------------+-------------------+-----
Fighting       | 7 8 10 11 | 11.5
Long Blades    | 7 8 11 12 | 12.0
Armour         | 4 5 6 |  6.1
Dodging        | 3 4 6 |  6.3
Stealth        | |  0.3

Action                     |  1- 3 |  4- 6 |  7- 9 || total
---------------------------+-------+-------+-------++-------
  Melee: Falchion          |    20 |    10 |       ||    30
         Headbutt          |     2 |     1 |       ||     3
         Scimitar          |       |     5 |     5 ||    10
 Invoke: Berserk           |     1 |     1 |       ||     2
 Armour: Animal skin       |     2 |       |       ||     2
  Dodge: Dodged            |     8 |     5 |     1 ||    14
